 Dungeon Crawl Stone Soup version 0.29-a0-732-g3d7fbe0af2 (webtiles) character file.

Game seed: 2454200609167101956

949 bjtr the Shooter (level 7, -1/32 HPs)
             Began as a Spriggan Arcane Marksman on June 29, 2022.
             Slain by Edmund
             ... wielding a +1 flail of holy wrath
              (11 damage)
             ... on level 5 of the Dungeon on June 30, 2022.
             The game lasted 00:32:37 (6169 turns).

bjtr the Shooter (Spriggan Arcane Marksman)         Turns: 6169, Time: 00:32:37

Health: -1/32      AC:  2    Str:  6    XL:     7   Next: 89%
Magic:  12/12      EV: 19    Int: 21    God:
Gold:   269        SH:  0    Dex: 17    Spells: 4/11 levels left

rFire   . . .      SeeInvis +   b - +8 trident of the Octopus King {venom, rElec rPois}
rCold   . . .      Faith    .   (shield currently unavailable)
rNeg    . . .      Spirit   .   c - +0 robe
rPois   +          Reflect  .   (helmet restricted)
rElec   +          Harm     .   (no cloak)
rCorr   .          Rampage  .   (gloves unavailable)
Will    +....                   (boots unavailable)
Stlth   ++........              f - amulet of magic regeneration
HPRegen 0.10/turn               h - +6 ring of intelligence
MPRegen 0.53/turn               (no ring)

@: very quick
A: very small, no large weapons, unfitting armour, see invisible, speed 3
a: no special abilities


You were on level 5 of the Dungeon.
You visited 1 branch of the dungeon, and saw 5 of its levels.

You collected 269 gold pieces.

Inventory:

Hand Weapons
 a - a +1 sling
 b - the +8 trident of the Octopus King (weapon) {venom, rElec rPois}
   (You found it on level 2 of the Dungeon)

   It poisons the flesh of those it strikes.
   rElec:     It insulates you from electricity.
   rPois:     It protects you from poison.
 d - a +0 mace
 g - a +0 dagger
 l - a +0 short sword
 p - a +2 hand axe of venom
 u - a +0 flail of protection
 y - a +1 dagger of speed
 F - a +2 short sword of protection
Missiles
 m - 66 stones
 o - 32 poisoned darts
 v - a throwing net
Armour
 c - a +0 robe (worn)
Jewellery
 f - an amulet of magic regeneration (around neck)
 h - a +6 ring of intelligence (left hand)
Wands
 q - a wand of iceblast (2)
 s - a wand of polymorph (4)
 A - a wand of flame (12)
 C - a wand of paralysis (9)
Scrolls
 j - a scroll of vulnerability
 k - 3 scrolls of teleportation
 r - 2 scrolls of fog
 t - 3 scrolls of magic mapping
 w - a scroll of summoning
 z - a scroll of blinking
 D - a scroll of identify
 E - a scroll of enchant weapon
Potions
 e - 5 potions of curing
 i - a potion of attraction
 n - 4 potions of might
 x - 2 potions of haste
 B - a potion of cancellation


   Skills:
 - Level 0.7 Fighting
 - Level 0.4 Short Blades
 * Level 3.6 Polearms
 + Level 7.0 Ranged Weapons
 * Level 5.2 Dodging
 + Level 2.2 Stealth
 + Level 2.7 Spellcasting
 + Level 4.5 Hexes
 + Level 0.3 Evocations


You had 4 spell levels left.
You knew the following spells:

 Your Spells              Type           Power      Damage    Failure   Level
a - Slow                  Hex            88%        N/A       1%          1
b - Inner Flame           Hex/Fire       12%        N/A       16%         3
c - Portal Projectile     Hex/Tloc       24%        N/A       16%         3

Your spell library contained the following spells:

 Spells                   Type           Power      Damage    Failure   Level
 Cause Fear               Hex            11%        N/A       21%         4
 Frozen Ramparts          Ice            4%         1d2       38%         3
 Gell's Gravitas          Tloc           2%         N/A       38%         3
 Lesser Beckoning         Tloc           2%         N/A       38%         3
 Stone Arrow              Conj/Erth      4%         3d7       38%         3
 Teleport Other           Tloc           2%         N/A       38%         3
 Animate Armour           Summ/Erth      4%         N/A       80%         4
 Ice Form                 Ice/Tmut       2%         N/A       80%         4
 Summon Ice Beast         Ice/Summ       2%         N/A       80%         4
 Discord                  Hex            11%        N/A       100%        8
 Lehudib's Crystal Spear  Conj/Erth      1%         10d2      100%        8


Dungeon Overview and Level Annotations

Branches:
Dungeon (5/15)
 Temple: D:4-7

Altars:

Annotations:
D:5 Edmund


Innate Abilities, Weirdness & Mutations

You are very small and have problems with some larger weapons.
You are too small for most types of armour.
You have supernaturally acute eyesight. (SInv)
You cover ground extremely quickly. (Speed+++)


Message History

The orc wizard closely misses you.
You barely miss the orc wizard.
The orc wizard is moderately wounded.
You hit the orc wizard but do no damage.
You barely miss the orc wizard. The orc wizard closely misses you.
You closely miss the orc wizard.
Edmund says, "Everyone always remembers my brother. 'Who's Edmund?' they ask!"
The orc wizard misses you.
The orc wizard mumbles some strange words.
The orc wizard flickers and vanishes for a moment.
You puncture the orc wizard!
The orc wizard is poisoned.
The orc wizard is severely wounded.
The orc wizard gestures at you while chanting.
The puff of flame hits you.
You hit the orc wizard.
You kill the orc wizard!
The orc throws a boomerang.
The boomerang closely misses the orc wizard.
The boomerang hits you.
Your Ranged Weapons skill increases to level 7!
You hit the orc wizard.
The orc wizard is poisoned.
The orc wizard is severely wounded.
The orc wizard closely misses you.
The orc throws a boomerang.
The boomerang barely misses the orc wizard.
The boomerang closely misses you. The orc wizard misses you.
You puncture the orc wizard!
You kill the orc wizard!
The orc throws a boomerang.
The boomerang completely misses you.
Items here: $ )) [[ †.
You puncture the orc!
You kill the orc!
You puncture the orc!
You kill the orc!
Edmund hits you with a +1 flail of holy wrath.
Items here: ( )) [ ††.
You barely miss Edmund.
Edmund hits you with a +1 flail of holy wrath!
You barely miss Edmund.
Edmund hits you with a +1 flail of holy wrath!
You die...

### ..# ########## #.#
.........### #.#
##.........# #.#
#.........# #@#
#.........# #@#
#.........# #)#
#.........# #.#
#.........# #.#
#.........#.###.#######
########..##...........#
#......#..######.#####.#
#......#..# #.#...#.#
..........# #.#.#.#.#


You could see Edmund.

Vanquished Creatures
  Menkaure (D:5)
  An ogre (D:5)
  2 phantoms
  A bullfrog (D:5)
  A scorpion (D:5)
  A gnoll shaman (D:5)
  3 hounds
  3 iguanas
  2 orc wizards (D:5)
  3 adders
  8 gnolls
  3 worms
  2 dart slugs
  10 orcs
  2 bats (D:3)
  3 endoplasms
  8 giant cockroaches
  5 hobgoblins
  6 jackals
  A quokka (D:3)
  7 ball pythons
  7 frilled lizards
  11 goblins
  8 kobolds
  5 rats
104 creatures vanquished.

Vanquished Creatures (others)
  31 plants
31 creatures vanquished.

Grand Total: 135 creatures vanquished

Notes
Turn   | Place    | Note
-------+----------+-------------------------------------------
     0 | D:1      | bjtr the Spriggan Arcane Marksman began the quest for the
                  | Orb.
     0 | D:1      | Reached XP level 1. HP: 9/9 MP: 3/3
    37 | D:1      | Upgraded the game from 0.29-a0-723-gce39da1c22 to
                  | 0.29-a0-730-g5686a2c4f1
   498 | D:1      | Reached skill level 3 in Ranged Weapons
   498 | D:1      | Reached XP level 2. HP: 12/14 MP: 3/5
   779 | D:1      | Found a faded altar of an unknown god.
  1091 | D:1      | Upgraded the game from 0.29-a0-730-g5686a2c4f1 to
                  | 0.29-a0-732-g3d7fbe0af2
  1257 | D:2      | Reached XP level 3. HP: 11/17 MP: 6/6
  1428 | D:2      | Reached skill level 4 in Ranged Weapons
  1599 | D:2      | Found the +8 trident of the Octopus King {venom, rElec
                  | rPois}
  1856 | D:2      | Learned a level 3 spell: Inner Flame
  2304 | D:3      | Reached XP level 4. HP: 21/21 MP: 7/7
  3574 | D:4      | Reached skill level 1 in Polearms
  3574 | D:4      | Reached skill level 5 in Ranged Weapons
  3577 | D:4      | Reached XP level 5. HP: 23/25 MP: 9/9
  3818 | D:4      | Noticed a phantom
  3837 | D:4      | Killed a phantom
  4029 | D:4      | Reached skill level 1 in Stealth
  4029 | D:4      | Reached XP level 6. HP: 29/29 MP: 10/10
  4033 | D:4      | Learned a level 3 spell: Portal Projectile
  4542 | D:5      | Entered Level 5 of the Dungeon
  4926 | D:5      | Reached skill level 6 in Ranged Weapons
  5139 | D:5      | Reached XP level 7. HP: 29/32 MP: 11/11
  5538 | D:5      | Noticed Menkaure
  6024 | D:5      | Killed Menkaure
  6025 | D:5      | Reached skill level 5 in Dodging
  6154 | D:5      | Noticed Edmund
  6162 | D:5      | Reached skill level 7 in Ranged Weapons
  6169 | D:5      | Slain by Edmund

Illustrated notes

Levels and vault maps discovered:
D:1:      enne_arrival_octagon_isle, layout_basic, serial_forest,
          infiniplex_forest_zigzag_1, infiniplex_forest_lined_corner,
          infiniplex_forest_3_way, infiniplex_forest_end_2,
          infiniplex_forest_clump_tiny, infiniplex_forest_lined_4_way,
          infiniplex_forest_corner_1, infiniplex_forest_lined_3,
          shapermc_ecumenical_altar_mp_highgroup
D:2:      layout_loops_cross
D:3:      minmay_thinvault, layout_loops_ring, serial_bayou_lagoon_a,
          bh_walls_and_bars
D:4:      layout_loops_ring, grunt_decor_clamped, nrook_loot_triangle
D:5:      layout_basic, uniq_edmund, uniq_menkaure

Skill      XL: |  1  2  3  4  5  6  7 |
---------------+----------------------+-----
Ranged Weapons | 3 4 5 6 7 |  7.0
Dodging        | 3 4 5 |  5.2
Hexes          | 4 |  4.5
Spellcasting   | 2 |  2.7
Polearms       | 1 2 3 |  3.6
Stealth        | 1 2 |  2.2
Fighting       | |  0.7
Short Blades   | |  0.4
Evocations     | |  0.3

Action                   |  1- 3 |  4- 6 |  7- 9 || total
-------------------------+-------+-------+-------++-------
Melee: Short sword       |     8 |       |       ||     8
       Punch             |     1 |       |       ||     1
       Trident           |     5 |    58 |    30 ||    93
 Fire: Sling             |   123 |    95 |     8 ||   226
 Cast: Slow              |    35 |     7 |     4 ||    46
Evoke: Wand              |       |       |     6 ||     6
  Use: Scroll            |     8 |     5 |       ||    13
 Stab: Sleeping          |     2 |     1 |       ||     3
Armor: Robe              |     5 |     1 |       ||     6
Dodge: Dodged            |    41 |    44 |    21 ||   106

Table legend: (Time is in decaauts)
 A = Elapsed time spent in this place.
 B = Non-inter-level travel time spent in this place.
 C = Inter-level travel time spent in this place.
 D = Time resting spent in this place.
 E = Time spent auto-exploring this place.
 F = Levels seen in this place.
 G = Mean time per level.
                   A        B        C        D        E       F      G
               +--------+--------+--------+--------+--------+-----+--------+
         Total |   4741 |   4659 |     82 |   1163 |   2624 |   5 |  948.2 |
       Dungeon |   4741 |   4659 |     82 |   1163 |   2624 |   5 |  948.2 |
               +--------+--------+--------+--------+--------+-----+--------+

Top non-repeatable levels by time:
     D:3: 1313 daAuts
     D:5: 1147 daAuts
     D:4: 909 daAuts
     D:1: 835 daAuts
     D:2: 535 daAuts
